[Event "Titled Tuesday Blitz June 14 Early 2022"]
[White "Sadhwani, Raunak"]
[Black "Rodrigue-Lemieux, Shawn"]
[WhiteFideId "35093487"]
[BlackFideId "2620049"]
[WhiteElo "2616"]
[BlackElo "1763"]
[Result "1/2-1/2"]
[Round "07"]
[TimeControl "180+1"]
[Date "2022.06.14"]
[WhiteClock "0:00:05"]
[BlackClock "0:00:33"]

1. d4 Nf6 2. Nf3 d5 3. c3 Bf5 4. Qb3 Qc8 5. Bf4 e6 6. e3 Bd6 7. Nbd2 O-O 8. Be2 Bxf4 9. exf4 c5 10. dxc5 Nbd7 11. O-O Nxc5 12. Qd1 Nd3 13. Bxd3 Bxd3 14. Re1 Bg6 15. Nd4 b5 16. h3 a5 17. a3 b4 18. cxb4 axb4 19. a4 Qc7 20. g3 Rfc8 21. N2f3 Bc2 22. Qd2 Ne4 23. Qxb4 Rcb8 24. Nb5 Qb6 25. Nfd4 Bd3 26. Kg2 Bc4 27. Red1 Be2 28. Re1 Bc4 29. Red1 Be2 30. Rdc1 Bc4 31. Rd1 1/2-1/2


[Site "https://www.chess.com"]

[Event "Titled Tuesday Blitz June 14 Early 2022"]
[White "Sarana, Alexey"]
[Black "Zierk, Steven"]
[WhiteFideId "24133795"]
[BlackFideId "2034255"]
[WhiteElo "2666"]
[BlackElo "2494"]
[Result "0-1"]
[Round "07"]
[TimeControl "180+1"]
[Date "2022.06.14"]
[WhiteClock "0:00:16"]
[BlackClock "0:00:05"]

1. d4 d5 2. c4 dxc4 3. Nf3 Nf6 4. e3 e6 5. Bxc4 c5 6. O-O a6 7. Be2 b6 8. b3 Bb7 9. Bb2 Nbd7 10. Nbd2 Be7 11. Nc4 b5 12. Nce5 O-O 13. Rc1 Rc8 14. a4 cxd4 15. Qxd4 Nxe5 16. Nxe5 bxa4 17. bxa4 Qxd4 18. Bxd4 a5 19. Rb1 Bd5 20. Rb6 Ne4 21. Ra6 Bb4 22. Nd7 Rfd8 23. Nb6 Rc2 24. Bd1 Rd2 25. Nxd5 exd5 26. Bb3 h5 27. h4 Rxd4 28. exd4 Nd2 29. Bd1 Nxf1 30. Kxf1 Re8 31. Be2 g6 32. f3 Re3 33. Ra8+ Kg7 34. Rd8 Ra3 35. Bb5 Ra1+ 36. Ke2 Ra2+ 37. Kd3 Rd2+ 38. Ke3 Rxg2 39. Rxd5 Rh2 40. Rd7 Rxh4 41. Bc4 Rh1 42. Bxf7 Kf6 43. Bc4 g5 44. Rh7 h4 45. Bd3 h3 46. Kf2 h2 47. Kg2 Rd1 48. Rh6+ Kg7 49. Rh7+ Kg8 50. Be4 Rd2+ 51. Kg3 Bd6+ 52. Kg4 Rd1 53. f4 Rg1+ 54. Kf5 Kxh7 55. Ke6+ Kg7 56. fxg5 Re1 57. d5 Rxe4+ 58. Kxd6 h1=Q 59. Kc7 Qc1+ 0-1


[Site "https://www.chess.com"]

[Event "Titled Tuesday Blitz June 14 Early 2022"]
[White "Shirov, Alexei"]
[Black "Nakamura, Hikaru"]
[WhiteFideId "2209390"]
[BlackFideId "2016192"]
[WhiteElo "2678"]
[BlackElo "2850"]
[Result "0-1"]
[Round "07"]
[TimeControl "180+1"]
[Date "2022.06.14"]
[WhiteClock "0:00:18"]
[BlackClock "0:00:22"]

1. e4 c6 2. d4 d5 3. e5 Bf5 4. h4 h5 5. Bd3 Bxd3 6. Qxd3 Qa5+ 7. Nd2 Qa6 8. e6 Qxd3 9. exf7+ Kxf7 10. cxd3 Nh6 11. Ngf3 Nd7 12. Ng5+ Kg8 13. Ndf3 g6 14. O-O Nf5 15. Re1 Bg7 16. Bf4 Bf6 17. g3 Re8 18. Be5 Nxe5 19. dxe5 Bxg5 20. Nxg5 Nd4 21. Rab1 Kg7 22. b4 e6 23. a4 Kf8 24. Kg2 Ke7 25. Rec1 Rc8 26. Nf3 Nf5 27. d4 Kd7 28. Rc3 Rc7 29. Rbc1 Rhc8 30. Rd3 b6 31. Rb3 Rb8 32. Rcc3 Rcb7 33. b5 Rc7 34. a5 cxb5 35. Rxc7+ Kxc7 36. Rxb5 a6 37. axb6+ Rxb6 38. Ra5 Rc6 39. Kh3 Kb6 40. Ra3 Rc2 41. g4 hxg4+ 42. Kxg4 Rxf2 43. Rb3+ Kc6 44. Rc3+ Kb5 45. Rb3+ Kc4 46. Rb6 a5 47. Rxe6 Rxf3 48. Rc6+ Kd3 49. Rxg6 Ke4 0-1


[Site "https://www.chess.com"]

[Event "Titled Tuesday Blitz June 14 Early 2022"]
[White "Sjugirov, Sanan"]
[Black "Karacsonyi, Gellert"]
[WhiteFideId "4189302"]
[BlackFideId "764620"]
[WhiteElo "2602"]
[BlackElo "2187"]
[Result "1-0"]
[Round "07"]
[TimeControl "180+1"]
[Date "2022.06.14"]
[WhiteClock "0:00:23"]
[BlackClock "0:00:02"]

1. e4 c5 2. Nf3 Nc6 3. Bb5 g6 4. Bxc6 dxc6 5. d3 Bg7 6. h3 Nf6 7. a4 Nd7 8. a5 e5 9. Nbd2 Qe7 10. Nc4 Nf8 11. O-O f6 12. Be3 Ne6 13. Nfd2 O-O 14. f3 f5 15. exf5 gxf5 16. Qe1 Qf6 17. Kh1 Kh8 18. Nb3 Nd4 19. Qf2 f4 20. Bxd4 cxd4 21. Nc5 Rg8 22. Rfe1 Qh6 23. Kh2 Bf6 24. Nxe5 Qh5 25. Ncd7 Bxe5 26. Rxe5 Qg6 27. Nc5 Bf5 28. Rae1 Rg7 29. Ne6 Rf7 30. Nxd4 Rg8 31. Nxf5 Rxf5 32. Rxf5 1-0


[Site "https://www.chess.com"]

[Event "Titled Tuesday Blitz June 14 Early 2022"]
[White "Skliarov, Viktor"]
[Black "Aravindh, Chithambaram VR."]
[WhiteFideId "14106736"]
[BlackFideId "5072786"]
[WhiteElo "2229"]
[BlackElo "2577"]
[Result "0-1"]
[Round "07"]
[TimeControl "180+1"]
[Date "2022.06.14"]
[WhiteClock "0:00:01"]
[BlackClock "0:00:02"]

1. e4 Nc6 2. Nc3 d6 3. d4 Nf6 4. Nge2 g6 5. f3 Bg7 6. Be3 O-O 7. Qd2 Rb8 8. g4 b5 9. Ng3 b4 10. Nce2 a5 11. h4 Bxg4 12. fxg4 Nxg4 13. h5 Nxe3 14. Qxe3 e5 15. d5 Nd4 16. O-O-O a4 17. hxg6 hxg6 18. Nxd4 exd4 19. Qf4 b3 20. cxb3 axb3 21. a3 Qd7 22. Bd3 c6 23. dxc6 Qxc6+ 24. Kb1 Rfc8 25. Rc1 Qd7 26. Ne2 Rc2 27. Qh4 Rbc8 28. Qh7+ Kf8 29. Qh3 Qc7 30. Bxc2 bxc2+ 31. Ka2 Qc4+ 32. Qb3 Qxe2 33. Rhf1 f6 34. Qe6 Qc4+ 35. Qxc4 Rxc4 36. Rf3 f5 37. exf5 gxf5 38. Rxf5+ Ke7 39. Rf3 Rc8 40. b3 Be5 41. Rd3 Ke6 42. Kb2 Kd5 43. Rxc2 Rh8 44. a4 Ke4 45. Rcd2 Ra8 46. Ka3 Kd5 47. Rd1 Kc5 48. Rc1+ Kd5 49. b4 Bf4 50. Rc2 Ke4 51. Rb3 d3 52. Rc4+ Ke3 53. Rcc3 Be5 54. Rxd3+ Ke4 55. a5 d5 56. Ka4 Bc7 57. Rdc3 Bd8 58. Re3+ Kf4 59. Re6 Kf5 60. Rc6 Ke5 61. a6 d4 62. b5 Kd5 63. Rd3 Bh4 64. Rh6 Bf2 65. Rh2 Kc4 0-1


[Site "https://www.chess.com"]

[Event "Titled Tuesday Blitz June 14 Early 2022"]
[White "Srihari L R"]
[Black "Sargsyan, Anna M."]
[WhiteFideId "46617116"]
[BlackFideId "13308130"]
[WhiteElo "2170"]
[BlackElo "2271"]
[Result "1/2-1/2"]
[Round "07"]
[TimeControl "180+1"]
[Date "2022.06.14"]
[WhiteClock "0:01:04"]
[BlackClock "0:00:11"]

1. c4 c6 2. e4 d5 3. exd5 cxd5 4. cxd5 Nf6 5. Nc3 Nxd5 6. Nf3 Nc6 7. Bc4 Nb6 8. Bb3 Bf5 9. d4 e6 10. O-O Be7 11. h3 O-O 12. Re1 Bf6 13. Be3 Nb4 14. Ne5 N4d5 15. Nxd5 Nxd5 16. Bd2 h6 17. Rc1 Rc8 18. Qe2 a6 19. Rxc8 Qxc8 20. Rc1 Qd8 21. Qe1 Bg5 22. Bxg5 Qxg5 23. Bxd5 exd5 24. Qe3 Qxe3 25. fxe3 f6 26. Nf3 Rc8 27. Rxc8+ Bxc8 28. Ne1 Bf5 29. Nf3 Kf7 30. Kf2 Ke6 31. Nd2 Bc2 32. Ke2 h5 33. h4 Kf5 34. Kf3 g5 35. Kg3 Bd1 36. Kh3 b6 37. b4 a5 38. bxa5 bxa5 39. Kg3 a4 40. a3 Bg4 41. Nb1 Ke4 42. Nc3+ Kxe3 43. Nxd5+ Kxd4 44. Nxf6 gxh4+ 45. Kxh4 Kc3 46. Nxh5 Bxh5 47. Kxh5 Kb3 48. g4 Kxa3 49. g5 Kb2 50. g6 a3 51. g7 a2 52. g8=Q a1=Q 53. Qb8+ Ka2 54. Kg4 Qd4+ 55. Kf3 Qc3+ 56. Ke2 Qb2+ 57. Qxb2+ Kxb2 1/2-1/2


[Site "https://www.chess.com"]

[Event "Titled Tuesday Blitz June 14 Early 2022"]
[White "Starozhilov, Leonid"]
[Black "Samadov, Read"]
[WhiteFideId "14106752"]
[BlackFideId "13417444"]
[WhiteElo "2414"]
[BlackElo "2084"]
[Result "0-1"]
[Round "07"]
[TimeControl "180+1"]
[Date "2022.06.14"]
[WhiteClock "0:00:01"]
[BlackClock "0:01:44"]

1. e4 c5 2. Nf3 d6 3. Bb5+ Nd7 4. O-O a6 5. Bxd7+ Bxd7 6. c3 Nf6 7. Re1 Bg4 8. h3 Bh5 9. d4 e6 10. dxc5 dxc5 11. Qe2 Be7 12. Bf4 O-O 13. Nbd2 b5 14. g4 Bg6 15. Ne5 Qb6 16. Rad1 Rfd8 17. Nxg6 hxg6 18. Nf3 c4 19. Bg5 Qb7 20. Bxf6 Bxf6 21. Kg2 Qc6 22. g5 Be7 23. h4 Bc5 24. Ne5 Qc7 25. Ng4 a5 26. Qf3 a4 27. a3 Rxd1 28. Rxd1 Rd8 29. Rxd8+ Qxd8 30. Ne5 Qc7 31. Ng4 Qd6 32. e5 Qd5 33. Qxd5 exd5 34. f4 d4 35. cxd4 Bxd4 0-1


[Site "https://www.chess.com"]

[Event "Titled Tuesday Blitz June 14 Early 2022"]
[White "Stribuk, Artiom"]
[Black "De Silva, L M S T"]
[WhiteFideId "13515659"]
[BlackFideId "9953698"]
[WhiteElo "2259"]
[BlackElo "1631"]
[Result "1-0"]
[Round "07"]
[TimeControl "180+1"]
[Date "2022.06.14"]
[WhiteClock "0:00:21"]
[BlackClock "0:00:03"]

1. d4 Nf6 2. c4 e6 3. Nc3 d5 4. cxd5 exd5 5. Bg5 Bb4 6. e3 Bf5 7. Qb3 Bxc3+ 8. bxc3 O-O 9. Nf3 Nbd7 10. Be2 c5 11. Qxb7 Qa5 12. O-O c4 13. Qb4 Qxb4 14. cxb4 Rfb8 15. a3 a5 16. Bf4 Rb7 17. Ne5 Nxe5 18. Bxe5 Nd7 19. Bd6 Ra6 20. Bc5 Nxc5 21. bxc5 Ra8 22. Bf3 Rd8 23. Rfc1 Rb2 24. g3 g5 25. g4 Be6 26. h3 Rdb8 27. e4 dxe4 28. Bxe4 Rd2 29. Rd1 Rbb2 30. d5 Bc8 31. d6 c3 32. c6 Kf8 33. d7 Bxd7 34. cxd7 Ke7 35. Bf5 Kd8 36. Rxd2 Rxd2 37. Rc1 a4 38. Rxc3 h5 39. gxh5 f6 40. h6 Ke7 41. h7 Kd6 1-0


[Site "https://www.chess.com"]

[Event "Titled Tuesday Blitz June 14 Early 2022"]
[White "Terry, Renato"]
[Black "Mchedlishvili, Mikheil"]
[WhiteFideId "3803457"]
[BlackFideId "13600966"]
[WhiteElo "2577"]
[BlackElo "2545"]
[Result "1-0"]
[Round "07"]
[TimeControl "180+1"]
[Date "2022.06.14"]
[WhiteClock "0:00:06"]
[BlackClock "0:00:02"]

1. d4 d5 2. Bg5 f6 3. Bf4 Nc6 4. Nf3 Bg4 5. Nbd2 e6 6. e3 Bd6 7. Bg3 Nge7 8. Be2 O-O 9. c4 dxc4 10. Bxc4 Kh8 11. Qc2 Nb4 12. Qb3 a5 13. a3 a4 14. Qd1 Nbd5 15. Ne4 f5 16. Neg5 Qc8 17. Qd3 h6 18. Nh3 Bxh3 19. gxh3 f4 20. exf4 Bxf4 21. O-O Qd7 22. Rae1 Rf6 23. Kh1 c6 24. Bh4 g5 25. Bg3 Raf8 26. Ne5 Qe8 27. Ng4 Rg6 28. Qe4 h5 29. Ne5 Rgf6 30. Bd3 Nf5 31. h4 Rg8 32. Rg1 Bxg3 33. hxg3 g4 34. Re2 Qe7 35. Rge1 Qg7 36. Nc4 Rgf8 37. Kg1 Nfe7 38. Nd6 Nf5 39. Nc4 Qc7 40. Ne5 Qg7 41. Bb1 Nd6 42. Qd3 Nf5 43. Bc2 Nd6 44. Bxa4 Qc7 45. Bc2 Qg7 46. Ng6+ Rxg6 47. Qxg6 Qxg6 48. Bxg6 Nb5 49. Rd2 1-0


[Site "https://www.chess.com"]

[Event "Titled Tuesday Blitz June 14 Early 2022"]
[White "Volkov, Maksim"]
[Black "Priasmoro, Novendra"]
[WhiteFideId "54123070"]
[BlackFideId "7105029"]
[WhiteElo "2155"]
[BlackElo "2309"]
[Result "1-0"]
[Round "07"]
[TimeControl "180+1"]
[Date "2022.06.14"]
[WhiteClock "0:01:22"]
[BlackClock "0:01:52"]

1. d4 Nf6 2. c4 g6 3. g3 Bg7 4. Bg2 O-O 5. Nc3 d6 6. Nf3 Nc6 7. O-O e5 8. dxe5 Nxe5 9. b3 Re8 10. Bb2 Bf5 11. Nxe5 dxe5 12. Bxb7 Bh3 13. Re1 Rb8 14. Bc6 Re6 15. Qxd8+ Rxd8 16. Nd5 Ng4 17. Rad1 Kh8 18. Ba4 c6 19. Nc7 Red6 20. Rxd6 Rxd6 21. Ne8 Rd2 22. Bc3 Rc2 23. Bb4 Bh6 24. Bxc6 Rxa2 25. Nd6 Kg7 26. Bg2 Bxg2 27. Kxg2 Rb2 28. c5 Nf6 29. Bc3 Rxb3 30. Bxe5 Bd2 31. Rd1 Bc3 32. Ne8+ Kf8 33. Nxf6 1-0


[Site "https://www.chess.com"]

[Event "Titled Tuesday Blitz June 14 Early 2022"]
[White "Xiong, Jeffery"]
[Black "Jobava, Baadur"]
[WhiteFideId "2047640"]
[BlackFideId "13601520"]
[WhiteElo "2714"]
[BlackElo "2617"]
[Result "1-0"]
[Round "07"]
[TimeControl "180+1"]
[Date "2022.06.14"]
[WhiteClock "0:01:19"]
[BlackClock "0:00:44"]

1. e4 e5 2. Nf3 Nf6 3. Nc3 d6 4. d4 Nbd7 5. Bc4 Be7 6. a4 O-O 7. O-O c6 8. Re1 h6 9. h3 Re8 10. Be3 Qc7 11. a5 Nf8 12. d5 Ng6 13. a6 b5 14. Bb3 b4 15. Nb1 cxd5 16. exd5 Nh7 17. Bd2 Kh8 18. Bxb4 f5 19. Nc3 Bd7 20. Qe2 Nf4 21. Qc4 Qb8 22. Ba3 Rc8 23. Qb4 Qxb4 24. Bxb4 Rab8 25. Nxe5 Rxb4 26. Nf7+ Kg8 27. Rxe7 Nf6 28. Nxd6 Rcb8 29. Nb7 Kh7 30. Nc5 Rd8 31. Rae1 Ng6 32. Nxd7 Nxd7 33. Rf7 Nge5 34. Rxf5 g6 35. Rfxe5 1-0


[Site "https://www.chess.com"]

[Event "Titled Tuesday Blitz June 14 Early 2022"]
[White "Xu, Yi"]
[Black "Begmuratov, Khumoyun"]
[WhiteFideId "8605564"]
[BlackFideId "14210207"]
[WhiteElo "2471"]
[BlackElo "1982"]
[Result "1-0"]
[Round "07"]
[TimeControl "180+1"]
[Date "2022.06.14"]
[WhiteClock "0:00:11"]
[BlackClock "0:00:03"]

1. e4 Nf6 2. e5 Nd5 3. d4 d6 4. c4 Nb6 5. f4 g6 6. Nc3 Bg7 7. Be3 O-O 8. Nf3 dxe5 9. dxe5 Be6 10. b3 Nc6 11. Be2 f6 12. exf6 exf6 13. O-O f5 14. Rc1 Re8 15. Bf2 Qe7 16. Qc2 Rad8 17. Rfe1 h6 18. Bf1 Qf7 19. a3 Nd7 20. Rcd1 Nf6 21. Rxd8 Rxd8 22. h3 Nh5 23. Ne2 Bf6 24. Rd1 Ng7 25. Rxd8+ Bxd8 26. Ne5 Nxe5 27. fxe5 b6 28. Nf4 g5 29. Nd5 c6 30. Nb4 Qd7 31. c5 b5 32. a4 bxa4 33. bxa4 g4 34. hxg4 fxg4 35. Bc4 Kf7 36. Nd3 Bg5 37. Qb3 Bxc4 38. Qxc4+ Qe6 39. Qe4 h5 40. Nb4 h4 41. Nxc6 g3 42. Qf3+ Ke8 43. Be1 h3 44. Qxg3 Qxc6 45. Qxg5 Ne6 46. Qh5+ Kd7 47. Qh7+ Kc8 48. Qxh3 Qxc5+ 49. Kh2 Qxe5+ 50. Bg3 Qe4 51. Qh8+ Kb7 52. Qb2+ Kc6 53. Qb5# 1-0


[Site "https://www.chess.com"]

[Event "Titled Tuesday Blitz June 14 Early 2022"]
[White "Yang, Kaiqi"]
[Black "Bachmann, Axel"]
[WhiteFideId "8604398"]
[BlackFideId "3700488"]
[WhiteElo "2373"]
[BlackElo "2587"]
[Result "0-1"]
[Round "07"]
[TimeControl "180+1"]
[Date "2022.06.14"]
[WhiteClock "0:00:01"]
[BlackClock "0:00:04"]

1. d4 d5 2. c4 e6 3. Nc3 c6 4. e3 Bd6 5. Nf3 f5 6. Bd3 Nf6 7. Ne5 O-O 8. f4 Ne4 9. O-O Nd7 10. Nxe4 fxe4 11. Be2 Nxe5 12. fxe5 Rxf1+ 13. Bxf1 Be7 14. Qg4 Qf8 15. Bd2 Qf5 16. Be2 Bd7 17. b3 a5 18. Qg3 a4 19. Rf1 Qg5 20. Qxg5 Bxg5 21. b4 a3 22. Rb1 Kf7 23. Kf2 Ke7 24. Ke1 b6 25. Rb3 Kd8 26. c5 Kc7 27. Bc1 g6 28. Kd2 Rf8 29. Rxa3 Bc8 30. Ke1 b5 31. Rc3 Bd7 32. Bd1 Ra8 33. a4 bxa4 34. Ra3 Bc8 35. Rxa4 Rb8 36. Bd2 Kd8 37. Be2 Bh4+ 38. g3 Bg5 39. Ra7 Bb7 40. b5 cxb5 41. Bxb5 Kc8 42. Ba5 Bxe3 43. c6 Bxd4 44. cxb7+ Rxb7 45. Rxb7 Kxb7 46. Bd7 Bxe5 47. Bxe6 Kc6 48. Bg8 h6 49. Bh7 g5 50. Bd2 Kd6 51. Ke2 Ke6 52. Bc1 Bd4 53. Bg8+ Ke5 0-1


[Site "https://www.chess.com"]

[Event "Titled Tuesday Blitz June 14 Early 2022"]
[White "Yilmaz, Mustafa"]
[Black "Livaic, Leon"]
[WhiteFideId "6302718"]
[BlackFideId "14531534"]
[WhiteElo "2568"]
[BlackElo "2540"]
[Result "1-0"]
[Round "07"]
[TimeControl "180+1"]
[Date "2022.06.14"]
[WhiteClock "0:00:18"]
[BlackClock "0:00:03"]

1. c4 e6 2. Nc3 d5 3. d4 Nf6 4. Nf3 a6 5. cxd5 exd5 6. Bg5 Be6 7. e3 Nbd7 8. Bd3 Bd6 9. O-O c6 10. Bf4 Qb8 11. Qd2 O-O 12. h3 g6 13. Rab1 a5 14. Rfe1 Nh5 15. Bxd6 Qxd6 16. Ng5 Nhf6 17. f4 Nb6 18. Qf2 Bd7 19. Rf1 c5 20. Rbe1 Rae8 21. e4 cxd4 22. Qxd4 h6 23. Nf3 Nh5 24. e5 Qb4 25. a3 Qxd4+ 26. Nxd4 Nc4 27. g4 Nxb2 28. Bb5 Bxb5 29. Ndxb5 Nxf4 30. Rxf4 Nd3 31. Rff1 Nxe1 32. Rxe1 Rd8 33. Nd6 d4 34. Nd5 b5 35. Rd1 b4 36. axb4 axb4 37. Ne7+ Kg7 38. Nc6 Ra8 39. Nxb4 Rfb8 40. Nd3 Ra2 41. Rf1 Rb3 42. Rxf7+ Kg8 43. Rf3 Rd2 44. e6 Rb1+ 45. Rf1 Rxf1+ 46. Kxf1 Kf8 47. Nf4 Ke7 48. Ne4 Rc2 49. Nf2 g5 50. Ne2 Rd2 51. Ke1 Ra2 52. Nxd4 Ra4 53. Nb3 Kxe6 54. Nc5+ 1-0


[Site "https://www.chess.com"]

[Event "Titled Tuesday Blitz June 14 Early 2022"]
[White "Andreikin, Dmitry"]
[Black "Bluebaum, Matthias"]
[WhiteFideId "4158814"]
[BlackFideId "24651516"]
[WhiteElo "2736"]
[BlackElo "2556"]
[Result "1-0"]
[Round "08"]
[TimeControl "180+1"]
[Date "2022.06.14"]
[WhiteClock "0:00:18"]
[BlackClock "0:00:06"]

1. e4 e5 2. Nf3 Nf6 3. Nxe5 d6 4. Nf3 Nxe4 5. Nc3 Nxc3 6. dxc3 Be7 7. Bf4 Nd7 8. Qd2 O-O 9. O-O-O Nf6 10. Kb1 Bf5 11. Nd4 Bg6 12. Bd3 Qd7 13. h4 Rae8 14. f3 Bxd3 15. Qxd3 Nh5 16. Bg5 f6 17. Bc1 f5 18. Rde1 f4 19. Ne6 Rf7 20. Qd5 Ng3 21. Rhg1 c6 22. Qb3 Bxh4 23. Nxf4 d5 24. c4 Rxe1 25. Rxe1 Nh5 26. Rh1 Nxf4 27. Rxh4 Nxg2 28. Rd4 Ne1 29. cxd5 Nxf3 30. dxc6 Qxd4 31. cxb7 g5 32. b8=Q+ Kg7 33. a3 h5 34. Q8b4 Qxb4 35. Qxb4 Kg6 36. Qd6+ Rf6 37. Qd3+ Kh6 38. Qd8 Kg6 39. Qg8+ Kf5 40. Qh7+ Kg4 41. Qxa7 h4 42. Qd7+ Kg3 43. Qe7 Rf5 44. Qe4 Rf8 45. Qe7 Rf5 46. Qd7 Rf8 47. Qd6+ Rf4 48. Bxf4+ gxf4 49. Qg6+ Kf2 50. Qg4 Ke3 51. b4 Nd2+ 52. Kc1 f3 53. Qxh4 Ne4 54. Qe1+ Kf4 55. Qxe4+ Kxe4 56. Kd2 Kf4 57. Ke1 Ke3 58. c4 Kd4 59. c5 Kd5 60. Kf2 Kc6 61. Kxf3 Kb5 62. Ke4 1-0


[Site "https://www.chess.com"]

[Event "Titled Tuesday Blitz June 14 Early 2022"]
[White "Aravindh, Chithambaram VR."]
[Black "Rozman, Levy"]
[WhiteFideId "5072786"]
[BlackFideId "2039877"]
[WhiteElo "2577"]
[BlackElo "2376"]
[Result "1-0"]
[Round "08"]
[TimeControl "180+1"]
[Date "2022.06.14"]
[WhiteClock "0:00:58"]
[BlackClock "0:00:14"]

1. b3 d5 2. Bb2 c5 3. Nf3 Nc6 4. e3 a6 5. d4 cxd4 6. Nxd4 Nf6 7. Nd2 Bg4 8. Be2 Bxe2 9. Qxe2 e6 10. c4 dxc4 11. Nxc6 bxc6 12. Qxc4 Qd5 13. O-O Be7 14. Qc2 O-O 15. Nc4 Qh5 16. Rad1 a5 17. Ne5 Rfc8 18. h3 Nd5 19. Nc4 c5 20. e4 Nf4 21. Be5 Ng6 22. Bg3 Rd8 23. Nb6 Ra6 24. Rxd8+ Bxd8 25. Qd3 Bxb6 26. Qxa6 Bd8 27. Qc8 1-0


[Site "https://www.chess.com"]

[Event "Titled Tuesday Blitz June 14 Early 2022"]
[White "Avinash, Ramesh"]
[Black "Sjugirov, Sanan"]
[WhiteFideId "45018340"]
[BlackFideId "4189302"]
[WhiteElo "1875"]
[BlackElo "2602"]
[Result "0-1"]
[Round "08"]
[TimeControl "180+1"]
[Date "2022.06.14"]
[WhiteClock "0:00:24"]
[BlackClock "0:00:51"]

1. e4 c6 2. d4 d5 3. Nc3 dxe4 4. Nxe4 Nf6 5. Nxf6+ exf6 6. c3 Bd6 7. Bd3 O-O 8. Qc2 Re8+ 9. Ne2 h6 10. Be3 Nd7 11. O-O-O b5 12. h4 Nb6 13. g4 Bxg4 14. Rdg1 h5 15. Bf5 Nd5 16. Bxg4 hxg4 17. Rxg4 Nxe3 18. fxe3 Rxe3 19. Rhg1 Bf8 20. Nf4 Qe7 21. Qd2 Re8 22. Nh5 Re1+ 23. Rxe1 Qxe1+ 24. Qxe1 Rxe1+ 25. Kd2 Re6 26. b3 f5 27. Rg5 g6 28. Nf4 Re4 29. Nxg6 fxg6 30. Rxg6+ Kf7 31. Rxc6 f4 32. Rc7+ Be7 33. Rd7 f3 34. Rd5 Ke6 35. Re5+ Rxe5 36. dxe5 Bxh4 37. c4 bxc4 38. bxc4 Kxe5 39. Ke3 f2 40. Ke2 Kd4 41. c5 Kxc5 42. Kf1 Kb4 43. Kg2 Ka3 44. Kh3 f1=Q+ 45. Kg4 Kxa2 46. Kh5 Kb3 47. Kg6 a5 48. Kh5 a4 49. Kg6 a3 50. Kh5 a2 51. Kh6 a1=Q 52. Kh5 Qe5+ 53. Kg4 Qff4+ 54. Kh3 Qg3# 0-1


[Site "https://www.chess.com"]

[Event "Titled Tuesday Blitz June 14 Early 2022"]
[White "Bachmann, Axel"]
[Black "Aditya Mittal"]
[WhiteFideId "3700488"]
[BlackFideId "35042025"]
[WhiteElo "2587"]
[BlackElo "2303"]
[Result "1/2-1/2"]
[Round "08"]
[TimeControl "180+1"]
[Date "2022.06.14"]
[WhiteClock "0:00:01"]
[BlackClock "0:00:14"]

1. c4 Nf6 2. Nc3 e5 3. Nf3 Nc6 4. e3 Bb4 5. Qc2 O-O 6. Nd5 Re8 7. Qf5 Be7 8. Nxe5 Nd4 9. Qd3 Nxd5 10. cxd5 Bf6 11. Ng4 d6 12. Nxf6+ Qxf6 13. Qc3 Bg4 14. b3 Nc2+ 15. Qxc2 Qxa1 16. Bb5 Re7 17. O-O Qe5 18. f3 Bd7 19. Bxd7 Rxd7 20. e4 Rf8 21. Bb2 Qe7 22. Re1 f6 23. Qc4 Rc8 24. d4 Kh8 25. h3 c5 26. dxc6 Rxc6 27. Qd3 Rdc7 28. Re2 h5 29. d5 Rc5 30. Bd4 Rc1+ 31. Kh2 Qf7 32. Qe3 Qg6 33. Qf4 R7c2 34. Rf2 Rxf2 35. Bxf2 Rc2 36. Bg3 Kh7 37. h4 f5 38. exf5 Qf6 39. a4 Qb2 40. Qg5 Rxg2+ 41. Kh3 Qe2 42. Qxh5+ Kg8 43. Qg6 Qxf3 44. Qe8+ Kh7 45. Qg6+ Kg8 46. Qe8+ Kh7 47. Qg6+ Kg8 1/2-1/2


[Site "https://www.chess.com"]

[Event "Titled Tuesday Blitz June 14 Early 2022"]
[White "Borgaonkar Akshay"]
[Black "Taspinar, Yanki"]
[WhiteFideId "25639110"]
[BlackFideId "34561188"]
[WhiteElo "1660"]
[BlackElo "1518"]
[Result "0-1"]
[Round "08"]
[TimeControl "180+1"]
[Date "2022.06.14"]
[WhiteClock "0:01:00"]
[BlackClock "0:01:16"]

1. e4 e6 2. d4 d5 3. Nc3 Bb4 4. e5 c5 5. a3 Bxc3+ 6. bxc3 Ne7 7. Qg4 Kf8 8. Nf3 Nbc6 9. h4 Bd7 10. h5 h6 11. Bd3 Rc8 12. Rh3 Nf5 13. Bxf5 exf5 14. Qf4 cxd4 15. cxd4 Be6 16. Bd2 Kg8 17. Nh4 Qd7 18. Rg3 Kh7 19. a4 a5 20. Raa3 Nb4 21. Bxb4 axb4 22. Ra2 Rc3 23. Rxc3 bxc3 24. Qe3 Rc8 25. Ra3 Qc6 26. Qd3 Qc4 27. Ke2 Qb4 28. Rb3 Qxb3 29. cxb3 c2 30. Nxf5 c1=N+ 0-1


[Site "https://www.chess.com"]

[Event "Titled Tuesday Blitz June 14 Early 2022"]
[White "Bryakin, Mikhail"]
[Black "Gracia Alvarez, Gerardo Antonio"]
[WhiteFideId "4165314"]
[BlackFideId "5109124"]
[WhiteElo "2417"]
[BlackElo "2139"]
[Result "0-1"]
[Round "08"]
[TimeControl "180+1"]
[Date "2022.06.14"]
[WhiteClock "0:00:26"]
[BlackClock "0:00:06"]

1. e4 c5 2. Nf3 Nc6 3. c3 Nf6 4. e5 Nd5 5. Bc4 Nb6 6. Bb3 c4 7. Bc2 d6 8. exd6 Qxd6 9. O-O Bg4 10. h3 Bh5 11. a4 O-O-O 12. a5 Nd5 13. a6 b6 14. d4 cxd3 15. Qxd3 Bg6 16. Qe2 Bxc2 17. Qxc2 e5 18. Na3 Qg6 19. Qa4 Bxa3 20. Rxa3 Rhe8 21. Bg5 Rd6 22. c4 Ndb4 23. Bd2 Nd3 24. Be3 Red8 25. c5 Nxc5 26. Bxc5 bxc5 27. Rc3 e4 28. Nh4 Qg5 29. g3 Nd4 30. Kg2 Qd5 31. Re3 g5 32. Rc1 gxh4 33. b4 c4 34. b5 Kb8 35. Rxc4 hxg3 36. b6 Rxb6 37. Qa2 Nf5 38. Rec3 Nd6 39. Rc8+ Nxc8 40. Qc2 e3+ 41. Kxg3 exf2 42. Qxf2 Qe5+ 43. Qf4 Qxf4+ 44. Kxf4 Rxa6 45. Rb3+ Rb6 46. Rg3 Kb7 47. Rg7 Rd4+ 48. Ke5 Rdb4 49. Rxf7+ Ka6 50. Rf8 R4b5+ 51. Kd4 Nd6 52. Rh8 Nf5+ 53. Kc4 h6 54. h4 Rb4+ 55. Kc3 Rxh4 56. Rh7 h5 57. Kc2 Rh3 58. Kc1 Rg6 59. Re7 Rh2 60. Re1 0-1


[Site "https://www.chess.com"]

[Event "Titled Tuesday Blitz June 14 Early 2022"]
[White "Csonka, Balazs"]
[Black "Shirov, Alexei"]
[WhiteFideId "742910"]
[BlackFideId "2209390"]
[WhiteElo "2404"]
[BlackElo "2678"]
[Result "1-0"]
[Round "08"]
[TimeControl "180+1"]
[Date "2022.06.14"]
[WhiteClock "0:00:04"]
[BlackClock "0:00:55"]

1. d4 d5 2. c4 c6 3. Nc3 Nf6 4. Nf3 e6 5. Bg5 dxc4 6. e4 b5 7. e5 h6 8. Bh4 g5 9. Nxg5 hxg5 10. Bxg5 Nbd7 11. g3 Bb7 12. Bg2 Qb6 13. exf6 O-O-O 14. O-O c5 15. d5 b4 16. Na4 Qa6 17. a3 Bxd5 18. Bxd5 Ne5 19. axb4 Rxd5 20. Qe2 cxb4 21. Nc3 Qd6 22. Nxd5 Qxd5 23. f3 Bc5+ 24. Be3 Nd3 25. Bxc5 Qxc5+ 26. Kg2 Rd8 27. Rfd1 Kb7 28. b3 cxb3 29. Rd2 Nf4+ 30. gxf4 Rxd2 31. Qxd2 Qc2 32. Rd1 a5 33. h4 a4 34. h5 a3 35. h6 Qxd2+ 36. Rxd2 b2 37. h7 b1=Q 38. h8=Q a2 39. Rd7+ Kc6 40. Qc8+ Kb5 41. Rb7+ Ka4 42. Qc4 Ka3 43. Ra7+ Kb2 44. Qxb4+ Kc1 45. Qc4+ Kb2 46. Rb7+ 1-0


[Site "https://www.chess.com"]

[Event "Titled Tuesday Blitz June 14 Early 2022"]
[White "Daneshvar, Bardiya"]
[Black "Puranik, Abhimanyu"]
[WhiteFideId "12576468"]
[BlackFideId "5061245"]
[WhiteElo "2303"]
[BlackElo "2520"]
[Result "0-1"]
[Round "08"]
[TimeControl "180+1"]
[Date "2022.06.14"]
[WhiteClock "0:00:09"]
[BlackClock "0:00:17"]

1. b3 Nf6 2. Bb2 g6 3. g3 Bg7 4. Bg2 O-O 5. Nf3 d6 6. d4 a5 7. Nc3 d5 8. O-O c6 9. Ne5 Nbd7 10. e4 Nxe5 11. dxe5 Nxe4 12. Nxe4 dxe4 13. Bxe4 Qc7 14. f4 Rd8 15. Qe2 a4 16. Kg2 Be6 17. c4 Qc8 18. Rfd1 Rxd1 19. Rxd1 Bh3+ 20. Kf2 axb3 21. axb3 Bg4 22. Bf3 Bxf3 23. Kxf3 h5 24. Ra1 Rxa1 25. Bxa1 Qg4+ 26. Ke3 Qh3 27. Bd4 e6 28. Kf3 g5 29. Be3 Qf5 30. Kg2 Qe4+ 31. Kf2 g4 32. Qd1 Bf8 33. c5 Kg7 34. Qd2 Be7 35. b4 Qh1 36. Ke2 Qxh2+ 37. Bf2 h4 38. f5 exf5 39. Qf4 hxg3 40. Qxg3 Qxg3 41. Bxg3 Bg5 0-1


[Site "https://www.chess.com"]